 Dungeon Crawl Stone Soup version 0.32-a0-33-g74fbe469d6 (webtiles) character file.

Game seed: 6983890431257808936

22789 pokeman the Eclecticist (level 12, 0/70 HPs)
             Began as a Deep Elf Hedge Wizard on Jan 20, 2024.
             Was a Priest of Vehumet.
             Slain by a skeletal warrior
             ... wielding a +0 halberd
              (3 damage)
             ... on level 13 of the Dungeon.
             The game lasted 00:38:10 (13445 turns).

pokeman the Eclecticist (Deep Elf Hedge Wizard)    Turns: 13445, Time: 00:38:11

Health: 0/70       AC: 14    Str:  7    XL:     12   Next: 66%
Magic:  9/35       EV: 13    Int: 25    God:    Vehumet [***...]
Gold:   393        SH:  0    Dex: 14    Spells: 35/46 levels left

rFire   x . .        U - +10 zealot's sword {holy, Zealotry, *Rage rN+ EV+3}
rCold   + . .        (no shield)
rNeg    + . .        C - quicksilver dragon scales
rPois   .            q - +1 helmet
rElec   .            L - +0 cloak
rCorr   .            (no gloves)
SInv    .            (no boots)
Will    ++...        t - amulet of magic regeneration
Stlth   ++           B - ring of ice
HPRegen 0.31/turn    r - +4 ring of slaying
MPRegen 0.64/turn

%: random rage (20%)
@: on berserk cooldown, slowed, very slow
A: no striking features
a: Renounce Religion


You were on level 13 of the Dungeon.
You worshipped Vehumet.
Vehumet was most pleased with you.
You visited 2 branches of the dungeon, and saw 14 of its levels.
You also visited: Bailey.

You collected 687 gold pieces.
You spent 294 gold pieces at shops.

Inventory:

Hand Weapons
 I - the +3 mace of the Empty Page {drain, rF++ rN+ Will- Stlth+}
   (You found it on level 8 of the Dungeon)

   rF++:      It greatly protects you from fire.
   rN+:       It protects you from negative energy.
   Will-:     It decreases your willpower.
   Stlth+:    It makes you more stealthy.
 K - a +3 dagger of chaos
 U - the +10 zealot's sword (weapon) {holy, Zealotry, *Rage rN+ EV+3}
   (You found it on level 11 of the Dungeon)

   Zealotry:  Whenever the wielder enters a berserk rage, their allies are
   berserked alongside them.
   EV+3:      It affects your evasion (+3).
   rN+:       It protects you from negative energy.
   *Rage:     It berserks you when you make melee attacks (+20% chance).
Missiles
 G - a curare-tipped dart
 T - 4 throwing nets
Armour
 q - a +1 helmet (worn)
 w - +0 steam dragon scales
 C - quicksilver dragon scales (worn)
 F - a +1 robe of cold resistance
 L - a +0 cloak (worn)
Magical Staves
 Q - a staff of death
Jewellery
 r - a +4 ring of slaying (right hand)
 t - an amulet of magic regeneration (around neck)
 B - a ring of ice (left hand)
 H - a ring of protection from cold
 M - an amulet of reflection
Wands
 z - a wand of flame (16)
 J - a wand of light (3)
 N - a wand of charming (9)
Scrolls
 b - a scroll of noise {unknown}
 f - 3 scrolls of revelation
 g - a scroll of acquirement {unknown}
 h - 5 scrolls of teleportation
 j - 3 scrolls of amnesia {unknown}
 k - 8 scrolls of identify {unknown}
 p - 3 scrolls of enchant weapon {unknown}
 s - 5 scrolls of fog {unknown}
 u - 2 scrolls of enchant armour {unknown}
 y - a scroll of silence {unknown}
 A - 2 scrolls of blinking {unknown}
 D - 2 scrolls of fear {unknown}
 O - a scroll of vulnerability {unknown}
 R - a scroll of brand weapon {unknown}
Potions
 a - 6 potions of curing {unknown}
 c - a potion of cancellation {unknown}
 d - 2 potions of magic
 e - 3 potions of degeneration {unknown}
 i - 2 potions of enlightenment {unknown}
 l - 2 potions of might {unknown}
 m - 4 potions of haste {unknown}
 n - a potion of ambrosia {unknown}
 o - a potion of brilliance {unknown}
 x - 4 potions of heal wounds {unknown}
 E - 2 potions of resistance {unknown}
 P - a potion of lignification {unknown}
 S - 3 potions of attraction {unknown}


   Skills:
 + Level 6.0 Fighting
 - Level 5.0 Armour
 - Level 3.1 Dodging
 - Level 3.3 Stealth
 * Level 17.7 Spellcasting
 + Level 10.7 Conjurations
 - Level 1.1 Summonings
 - Level 1.0 Necromancy
 - Level 1.1 Translocations
 + Level 9.9 Ice Magic
 - Level 1.1 Air Magic
 - Level 1.3 Alchemy
 - Level 1.1 Evocations


You had 35 spell levels left.
You knew the following spells:

 Your Spells              Type           Power      Damage    Failure   Level
a - Magic Dart            Conj           100%       1d8       1%          1
b - Mephitic Cloud        Conj/Alch/Air  44%        N/A       1%          3
c - Call Imp              Summ           54%        N/A       7%          2
d - Blink                 Tloc           54%        N/A       7%          2
e - Hailstorm             Conj/Ice       84%        3d14      1%          3

Your spell library contained the following spells:

 Spells                   Type           Power      Damage    Failure   Level
 Ignite Poison            Fire/Alch      25%        N/A       13%         4
 Sting                    Conj/Alch      100%       1d9       1%          1
 Ensorcelled Hibernation  Hex/Ice        100%       N/A       1%          2
 Summon Ice Beast         Ice/Summ       65%        N/A       2%          3
 Cigotuvi's Dreadful Rot  Necr/Alch/Air  56%        N/A       6%          2
 Slow                     Hex            88%        N/A       7%          1
 Fugue of the Fallen      Necr           27%        N/A       14%         3
 Starburst                Conj/Fire      24%        6d8       28%         6
 Anguish                  Hex/Necr       12%        N/A       50%         4
 Sculpt Simulacrum        Ice/Alch       33%        N/A       71%         6
 Summon Forest            Summ/Tloc      13%        N/A       77%         5
 Summon Mana Viper        Hex/Summ       24%        N/A       83%         5
 Summon Cactus Giant      Summ           13%        N/A       100%        6


Dungeon Overview and Level Annotations

Branches:
Dungeon (13/15) Temple (1/1) D:5 Lair (0/5) D:9 Orc (0/2) D:9 Vaults (0/5) D:12 D:13 Bailey (visited)

Altars:
Ashenzari
Cheibriados
Dithmenos
Elyvilon
Fedhas
Gozag
Hepliaklqana
Kikubaaqudgha
Makhleb
Nemelex Xobeh
Okawaru
Qazlal
Ru
Sif Muna
Trog
Uskayaw
Vehumet
Wu Jian
Xom
Yredelemnul
Zin
The Shining One

Shops:
D:3 ((   D:5 [   D:8 *(


Message History

You feel a surge of power!
A cannonade of hail descends around you!
The hail pelts the skeletal warrior!
The skeletal warrior partially resists.
The skeletal warrior is severely damaged.
The hail pelts the skeletal warrior!
The skeletal warrior partially resists.
The skeletal warrior is severely damaged.
The skeletal warrior closely misses you.
The human hits you but does no damage.
Unknown command.
Unknown command.
Unknown command.
Unknown command.
Casting: Hailstorm (safe; 1% risk of failure)
Confirm with . or Enter, or press ? or * to list all spells.
Casting: Hailstorm (safe; 1% risk of failure)
Press: ? - help, Dir - look around, f - activate You feel a surge of power!
A cannonade of hail descends around you!
The hail misses the skeletal warrior.
The hail pelts the skeletal warrior.
The skeletal warrior partially resists.
The skeletal warrior is severely damaged.
The skeletal warrior closely misses you.
The human hits you!
* * * LOW HITPOINT WARNING * * *
The skeletal warrior hits you from afar with a +0 halberd!!
* * * LOW HITPOINT WARNING * * *
The human closely misses you.
Unknown command.
Casting: Hailstorm (safe; 1% risk of failure)
Confirm with . or Enter, or press ? or * to list all spells.
Aiming: Mephitic Cloud (safe; 1% risk of failure)
Press: ? - help, Shift-Dir - straight line, f - human
Aim: a human (severely wounded, chance to affect: 72%)
The ball explodes into a vile cloud!
The stinking cloud engulfs the human.
The human is severely wounded.
The stinking cloud engulfs you.
You are engulfed in noxious fumes.
You hear a shout! x3; You hear a bellow!
The human is engulfed in noxious fumes.
The human appears confused.
The skeletal warrior hits you from afar with a +0 halberd.
You die...

#...........#
#..##.#.#...#
#..##.......#
##......#...###
#..............
#...)...######
#.#####.##########
#.# #...........
#@# #..#########
#p# #..# #z# #..#
#z# .... # #.#
.##### #..#z###.
#..z).# ###.#>..#
#.#z#########.V


You could see 4 skeletal warriors and a human (confused).

Vanquished Creatures
  Harold (D:11)
  Erica (D:11)
  2 centaur warriors
  4 two-headed ogres
  Urug (D:13)
  2 skeletal warriors (D:13)
  2 deep elf pyromancers
  2 ugly things
  A cyclops (D:13)
  2 gargoyles
  An unseen horror (D:10)
  A komodo dragon (D:12)
  An efreet (D:13)
  Psyche (D:9)
  4 trolls
  A merfolk (D:10)
  8 slime creatures (D:12)
  6 spriggans (Bailey)
  4 wraiths
  A shadow (D:10)
  2 wyverns (D:10)
  7 yaks
  2 vampires
  14 humans
  2 steam dragons
  2 vampire mosquitoes (D:13)
  2 water moccasins
  An orc warrior (D:10)
  2 sky beasts
  2 black bears
  7 ogres
  An ice beast (D:6)
  7 centaurs
  A phantom (D:5)
  A kobold brigand (D:8)
  A gnoll sergeant (D:12)
  2 scorpions
  17 wights
  12 killer bees
  2 howler monkeys
  6 hounds
  A jelly (D:4)
  2 orc priests
  2 iguanas
  7 orc wizards
  4 gnolls (D:12)
  8 adders
  A shadow imp (D:6)
  A white imp (D:6)
  3 dart slugs
  2 ribbon worms
  18 orcs
  2 bats (D:1)
  2 endoplasms
  7 giant cockroaches
  13 goblins
  8 hobgoblins
  8 quokkas
  2 ball pythons (D:1)
  7 frilled lizards
  15 kobolds
  10 rats
262 creatures vanquished.

Vanquished Creatures (collateral kills)
  A scorpion (D:4)
  A wight (D:6)
  A dart slug (D:4)
  An endoplasm (D:4)
4 creatures vanquished.

Grand Total: 266 creatures vanquished

Notes
Turn   | Place    | Note
-------+----------+-------------------------------------------
     0 | D:1      | pokeman the Deep Elf Hedge Wizard began the quest for the
                  | Orb.
     0 | D:1      | Reached XP level 1. HP: 10/10 MP: 7/7
   235 | D:1      | Reached XP level 2. HP: 15/15 MP: 7/9
   671 | D:1      | Reached skill level 5 in Spellcasting
   989 | D:1      | Reached XP level 3. HP: 20/20 MP: 7/11
   993 | D:1      | Learned a level 3 spell: Mephitic Cloud
   996 | D:1      | Learned a level 2 spell: Call Imp
   999 | D:1      | Learned a level 2 spell: Blink
  1473 | D:2      | Reached skill level 1 in Fighting
  1473 | D:2      | Reached skill level 1 in Armour
  2035 | D:3      | Reached XP level 4. HP: 24/25 MP: 7/13
  2115 | D:3      | Noticed a black bear
  2144 | D:3      | Killed a black bear
  2145 | D:3      | Reached skill level 6 in Spellcasting
  2145 | D:3      | Reached XP level 5. HP: 8/29 MP: 0/15
  2653 | D:3      | Found Agaschai's Antique Weapon Shoppe.
  2660 | D:3      | Found Lasosej's Weapon Shoppe.
  3228 | D:3      | Found a faded altar of an unknown god.
  3378 | D:4      | Noticed an ogre
  3392 | D:3      | Killed an ogre
  3393 | D:3      | Reached skill level 1 in Air Magic
  3393 | D:3      | Reached skill level 1 in Alchemy
  3393 | D:3      | Reached XP level 6. HP: 28/34 MP: 11/17
  3528 | D:4      | Reached skill level 7 in Spellcasting
  3782 | D:4      | Learned a level 3 spell: Hailstorm
  3883 | D:4      | Reached XP level 7. HP: 39/39 MP: 10/20
  4098 | D:3      | Bought a smoking dagger for 147 gold pieces
  4098 | D:3      | Identified the +1 dagger "Leuheun" {vamp, ^Fragile rN+
                  | Will+ Stlth+} (You bought it in a shop on level 3 of the
                  | Dungeon)
  4136 | D:5      | Entered Level 5 of the Dungeon
  4218 | D:5      | Reached skill level 8 in Spellcasting
  4218 | D:5      | Reached skill level 1 in Ice Magic
  4339 | D:5      | Found Extenn's Armour Boutique.
  4893 | D:5      | Found a staircase to the Ecumenical Temple.
  4903 | Temple   | Entered the Ecumenical Temple
  4912 | Temple   | Became a worshipper of Vehumet
  5065 | D:5      | Found a stormy altar of Qazlal.
  5081 | D:5      | Reached skill level 9 in Spellcasting
  5081 | D:5      | Reached XP level 8. HP: 44/44 MP: 17/23
  5631 | D:6      | Reached skill level 5 in Conjurations
  6101 | D:6      | Reached skill level 10 in Spellcasting
  6167 | D:6      | Got the Guidebook on Wounds
  6404 | D:6      | Reached * piety under Vehumet
  6404 | D:6      | Offered knowledge of Shock by Vehumet.
  6783 | D:7      | Reached XP level 9. HP: 48/48 MP: 22/25
  6984 | D:7      | Reached skill level 11 in Spellcasting
  7192 | D:7      | Found a shimmering altar of Xom.
  7205 | D:7      | Found a hazy altar of Hepliaklqana.
  7206 | D:7      | Found a blossoming altar of Fedhas.
  7211 | D:7      | Found an ancient bone altar of Kikubaaqudgha.
  7212 | D:7      | Found an opulent altar of Gozag.
  7216 | D:7      | Found a burning altar of Makhleb.
  7257 | D:7      | Found a bloodstained altar of Trog.
  7728 | D:8      | Found a flagged portal.
  7738 | Bailey   | Entered a bailey
  7762 | Bailey   | Reached skill level 5 in Ice Magic
  7899 | Bailey   | Reached skill level 12 in Spellcasting
  8214 | Bailey   | Noticed a two-headed ogre
  8222 | Bailey   | Killed a two-headed ogre
  8223 | Bailey   | Reached XP level 10. HP: 56/56 MP: 21/28
  8250 | Bailey   | Reached skill level 13 in Spellcasting
  8598 | D:8      | Found Cohoagas's Antique Weapon Shoppe.
  8840 | D:8      | Identified the +3 mace of the Empty Page {drain, rF++ rN+
                  | Will- Stlth+}
  8924 | D:8      | Found Unusu's General Store.
  8927 | D:8      | Bought a scroll of teleportation for 42 gold pieces
  8927 | D:8      | Bought a scroll of revelation for 105 gold pieces
  8962 | D:8      | Found a glowing silver altar of Zin.
  9082 | D:9      | Noticed Psyche
  9090 | D:9      | Killed Psyche
  9383 | D:9      | Found a staircase to the Lair.
  9648 | D:9      | Found a staircase to the Orcish Mines.
  9736 | D:10     | Entered Level 10 of the Dungeon
  9836 | D:10     | Reached skill level 1 in Necromancy
  9839 | D:10     | Reached skill level 1 in Evocations
  9943 | D:10     | Reached ** piety under Vehumet
  9952 | D:10     | Reached skill level 14 in Spellcasting
  9985 | D:10     | Offered knowledge of Static Discharge by Vehumet.
 10534 | D:10     | Reached XP level 11. HP: 60/61 MP: 25/31
 10998 | D:11     | Noticed a brown ugly thing
 11009 | D:11     | Killed a brown ugly thing
 11100 | D:11     | Noticed Harold
 11108 | D:11     | Killed Harold
 11280 | D:11     | Found the +10 zealot's sword {holy, Zealotry, *Rage rN+
                  | EV+3}
 11287 | D:11     | Reached skill level 15 in Spellcasting
 11433 | D:11     | Noticed Erica
 11437 | D:11     | Killed Erica
 11643 | D:11     | Reached skill level 5 in Armour
 11912 | D:12     | Noticed a green ugly thing
 12053 | D:12     | Noticed a deep elf pyromancer
 12080 | D:12     | Killed a deep elf pyromancer
 12154 | D:12     | Noticed a centaur warrior
 12154 | D:12     | Noticed a two-headed ogre
 12165 | D:12     | Killed a green ugly thing
 12165 | D:12     | Offered knowledge of Momentum Strike by Vehumet.
 12166 | D:12     | Killed a centaur warrior
 12169 | D:12     | Killed a two-headed ogre
 12170 | D:12     | Reached skill level 16 in Spellcasting
 12673 | D:12     | Noticed a two-headed ogre
 12683 | D:12     | Killed a two-headed ogre
 12684 | D:12     | Reached XP level 12. HP: 68/68 MP: 25/34
 12717 | D:12     | Reached *** piety under Vehumet
 12839 | D:12     | Reached skill level 5 in Fighting
 13233 | D:13     | Noticed a centaur warrior
 13233 | D:13     | Noticed a two-headed ogre
 13233 | D:13     | Noticed Urug
 13233 | D:13     | Found a gate to the Vaults.
 13236 | D:13     | Reached skill level 10 in Conjurations
 13241 | D:12     | Offered knowledge of Ignite Poison by Vehumet.
 13398 | D:13     | Killed a two-headed ogre
 13399 | D:13     | Reached skill level 17 in Spellcasting
 13407 | D:13     | Killed Urug
 13407 | D:13     | Killed a centaur warrior
 13443 | D:13     | HP: 2/70 [skeletal warrior/+0 halberd (18)]
 13445 | D:13     | Slain by a skeletal warrior

Illustrated notes

Levels and vault maps discovered:
D:1:      dpeg_arrival_rooms_b, layout_basic, minmay_domino_4
D:2:      layout_basic
D:3:      layout_basic, serial_curves, eino_curves_01, eino_curves_03,
          serial_shops, nicolae_shop_rolling_square, shop,
          dilly_ecumenical_altar_fadedgnrine
D:4:      layout_rooms
D:5:      layout_basic, nicolae_qazlal_beasts_of_the_sky,
          minmay_temple_entry_slanted, serial_shops,
          nicolae_shop_hallway_stairs, minmay_ogre_servants
D:6:      layout_basic
D:7:      layout_basic, nicolae_overflow_hallway_of_the_gods, hex_medium
D:8:      layout_cave_pools, kennysheep_mini_moat, enter_bailey_2, serial_shops,
          shop, nicolae_shop_behind_doors
D:9:      layout_basic, lair_entry_dummy, orc_0_dummy, uniq_psyche
D:10:     layout_loops_ring, grunt_ministairs_5, hangedman_fish_farm
D:11:     layout_irregular_city, uniq_erica, uniq_harold
D:12:     layout_roguey
D:13:     layout_basic, david_vaults_3, uniq_lodul, uniq_erolcha, uniq_jorgrun
Temple:   nicolae_temple_ecumenical_triangle

Skill      XL: |  1  2  3  4  5  6  7  8  9 10 11 12 |
---------------+-------------------------------------+-----
Spellcasting   | 5 6 7 9 10 12 14 16 17 | 17.7
Fighting       | 1 2 4 6 |  6.0
Armour         | 1 3 4 5 |  5.0
Conjurations   | 2 3 4 5 7 8 9 10 | 10.7
Dodging        | 3 |  3.1
Stealth        | 3 |  3.3
Air Magic      | 1 |  1.1
Alchemy        | 1 |  1.3
Ice Magic      | 2 4 6 7 8 9 |  9.9
Necromancy     | 1 |  1.0
Evocations     | 1 |  1.1
Summonings     | |  1.1
Translocations | |  1.1

Action                     |  1- 3 |  4- 6 |  7- 9 | 10-12 || total
---------------------------+-------+-------+-------+-------++-------
  Melee: Dagger            |       |    57 |    97 |     5 ||   159
         Punch             |       |     4 |       |     1 ||     5
         Mace              |       |       |       |    51 ||    51
         Eudemon blade     |       |       |       |    72 ||    72
   Cast: Magic Dart        |   109 |    47 |    48 |    36 ||   240
         Mephitic Cloud    |       |    11 |    17 |    33 ||    61
         Blink             |       |     2 |       |     4 ||     6
         Hailstorm         |       |     2 |    68 |   149 ||   219
         Call Imp          |       |     1 |    10 |    13 ||    24
  Evoke: Wand              |       |       |       |     2 ||     2
   Stab: Confused          |       |     3 |     9 |     6 ||    18
         Sleeping          |       |       |     1 |       ||     1
 Armour: Robe              |     6 |    63 |    31 |       ||   100
         Steam dragon scal |       |       |    26 |       ||    26
         Quicksilver drago |       |       |     9 |   173 ||   182
  Dodge: Dodged            |     7 |    52 |    60 |   127 ||   246
  Block: Other             |       |       |       |    13 ||    13
         Reflection        |       |       |       |     1 ||     1

Table legend: (Time is in decaauts)
 A = Elapsed time spent in this place.
 B = Non-inter-level travel time spent in this place.
 C = Inter-level travel time spent in this place.
 D = Time resting spent in this place.
 E = Time spent auto-exploring this place.
 F = Levels seen in this place.
 G = Mean time per level.
                   A        B        C        D        E       F      G
               +--------+--------+--------+--------+--------+-----+--------+
         Total |  13543 |  12945 |    598 |    916 |   9984 |  15 |  902.9 |
       Dungeon |  12802 |  12220 |    582 |    701 |   9647 |  13 |  984.8 |
        Temple |     18 |      2 |     16 |      0 |      0 |   1 |   18.0 |
        Bailey |    722 |    722 |      0 |    215 |    337 |   1 |  722.0 |
               +--------+--------+--------+--------+--------+-----+--------+

Top non-repeatable levels by time:
     D:3: 1526 daAuts
     D:5: 1524 daAuts
    D:12: 1466 daAuts
    D:10: 1162 daAuts
     D:1: 1135 daAuts
     D:6: 1091 daAuts
    D:11: 1027 daAuts
     D:7: 935 daAuts
     D:2: 893 daAuts
     D:9: 770 daAuts
  Bailey: 722 daAuts
     D:8: 586 daAuts
     D:4: 582 daAuts
    D:13: 99 daAuts
  Temple: 18 daAuts
